 Dungeon Crawl Stone Soup version 0.26.0-7-g794d0892b4 (webtiles) character file.

Game seed: 13819400738820101068

220 jackrogers the Chopper (level 5, 11/46 HPs)
             Began as a Deep Dwarf Delver on Jan 12, 2021.
             Quit the game on level 3 of the Dungeon.
             The game lasted 00:01:55 (815 turns).

jackrogers the Chopper (Deep Dwarf Delver)           Turns: 815, Time: 00:01:55

Health: 11/46      AC:  3    Str: 16    XL:     5   Next: 64%
Magic:  13/13 (4)  EV: 12    Int: 11    God:
Gold:   54         SH:  0    Dex: 14    Spells: 4/4 levels left

rFire    + . .     SeeInvis .   d - +4 long sword "Xeruuq" {pain, rF+ MP+9}
rCold    . . .     Faith    .   (no shield)
rNeg     . . .     Spirit   .   b - +0 leather armour
rPois    .         Reflect  .   (no helmet)
rElec    .         Harm     .   (no cloak)
rCorr    .         Rampage  .   (no gloves)
Will     .....                  (no boots)
Stlth    +++.......             (no amulet)
HPRegen  0.00/turn              (no ring)
MPRegen  0.13/turn              (no ring)

@: non-regenerating
A: damage resistance, heal wounds, sense surroundings 1, no regeneration
a: Heal Wounds


You were on level 3 of the Dungeon.
You visited 1 branch of the dungeon, and saw 3 of its levels.

You collected 54 gold pieces.

Inventory:

Hand Weapons
 a - a +0 hand axe
 d - the +4 long sword "Xeruuq" (weapon) {pain, rF+ MP+9}
   (You found it on level 4 of the Dungeon)

   In the hands of one skilled in necromantic magic, it inflicts extra damage on
   living creatures.
   It protects you from fire.
   It affects your magic capacity (+9).
 k - a +0 hand axe
   (You found it on level 3 of the Dungeon)
Armour
 b - a +0 leather armour (worn)
Jewellery
 j - the amulet of Arrival {Faith *Drain Int+5, unknown}
   (You found it on level 4 of the Dungeon)

   [amulet of faith]

   It allows you to gain divine favour quickly.
   It affects your intelligence (+5).
   It causes draining when unequipped.
Wands
 g - a wand of digging (3)
Scrolls
 c - a scroll of fog
 e - a scroll of fear
 i - a scroll of identify {unknown}
 l - a scroll of amnesia {unknown}
 m - 2 scrolls of teleportation {unknown}
 o - a scroll of random uselessness {unknown}
Potions
 f - a potion of haste
 h - a potion of curing {unknown}
 n - a potion of degeneration {unknown}


   Skills:
 - Level 2.6 Fighting
 + Level 6.6 Axes
 - Level 2.1 Dodging
 - Level 6.0 Stealth


You had 4 spell levels left.
You didn't know any spells.
Your spell library was empty.

Dungeon Overview and Level Annotations

Branches:
Dungeon (5/15)
 Temple: D:4-7

Altars:

Shops:
D:4 *


Innate Abilities, Weirdness & Mutations

You are resistant to damage.
You can heal yourself by infusing magical energy.
You passively map a small area around you.
You do not regenerate.


Message History

The goblin hits you but does no damage.
You hit the gnoll. The gnoll hits you but does no damage.
The goblin hits you with a +0 dagger.
* * * LOW HITPOINT WARNING * * *
Spoiler Alert: The gnoll can hit for moderate damage in melee, and throws nets!
You slash the gnoll!
You kill the gnoll!
The goblin closely misses you.
You slash the goblin!
You kill the goblin!
You start waiting.
Your extra speed is starting to run out.
You feel much better.
Things that are here:
a +0 whip; a +0 spear; a gnoll corpse
Items here: ) [[ †.
Things that are here:
a +0 whip; a +0 spear; a gnoll corpse You feel yourself slow down.
A giant cockroach comes into view.
A giant cockroach is nearby!
A giant cockroach is nearby!
Unknown command.
A giant cockroach is nearby!
The giant cockroach closely misses you.
You slash the giant cockroach!
You kill the giant cockroach!
You see here a giant cockroach corpse.
There is a stone staircase leading up here. 4 jackals come into view.
The jackal barks! x3
The jackal closely misses you.
You riposte.
You slash the jackal!
You kill the jackal!
You see here 11 gold pieces.
There are monsters nearby!
There are monsters nearby!
There are monsters nearby!
You slash the jackal!
You kill the jackal!
You hit the jackal.
You kill the jackal!
You miss the jackal. The jackal bites you. The jackal closely misses you.
You completely miss the jackal. The jackal barely misses you.
You riposte.
You completely miss the jackal. The jackal bites you.
You barely miss the jackal. The jackal bites you. The jackal misses you.
You barely miss the jackal.
The jackal bites you but does no damage.
The jackal misses you.
You hit the jackal.
The jackal closely misses you. x2; You riposte.
You hit the jackal.
You kill the jackal!
You see here a jackal corpse.
You see here a jackal corpse.
You now have 54 gold pieces (gained 11).
n - a white potion
Found a stone staircase leading up.
You see here a +0 dagger.
There is a stone staircase leading down here.
A hobgoblin comes into view.
A hobgoblin is nearby!
A hobgoblin is nearby!
A gnoll comes into view. It is wielding a +0 flail.
The hobgoblin shouts!
The gnoll shouts!
You hear a shout!
The hobgoblin barely misses you.
The gnoll moves out of view.
You closely miss the hobgoblin.
A gnoll comes into view. It is wielding a +0 halberd.
The hobgoblin hits you.
Warning x2: The gnoll can hit for moderate damage in melee, and throws nets! x2
You hit the hobgoblin. The hobgoblin closely misses you.
You slash the hobgoblin!
You kill the hobgoblin!
A gnoll comes into view.
The gnoll moves out of view.
The gnoll misses you.
You riposte.
You barely miss the gnoll.
You see here a hobgoblin corpse.
Warning x2: The gnoll can hit for moderate damage in melee, and throws nets! x2
You completely miss the gnoll.
The gnoll hits you from afar with a +0 halberd.
The gnoll closely misses you.
You hit the gnoll.
The gnoll closely misses you. x2; You riposte.
The gnoll shouts!
You hit the gnoll.
The gnoll hits you from afar with a +0 halberd!
Warning x2: The gnoll can hit for moderate damage in melee, and throws nets! x2
You barely miss the gnoll. The gnoll hits you but does no damage.
The gnoll hits you from afar with a +0 halberd.
Warning x3: The gnoll can hit for moderate damage in melee, and throws nets! x3
You hit the gnoll. The gnoll closely misses you.
A kobold comes into view. It is wielding a +0 dagger.
The gnoll completely misses you.
You closely miss the gnoll. The gnoll barely misses you.
The gnoll closely misses you.
An adder comes into view.
The gnoll misses you. The gnoll hits you but does no damage.
The gnoll misses you.
You riposte.
You closely miss the gnoll.
Warning x3: The gnoll can hit for moderate damage in melee, and throws nets! x3
The adder hisses angrily.
You hit the gnoll but do no damage. The gnoll closely misses you.
The gnoll barely misses you. The gnoll hits you with a +0 flail.
* * * LOW HITPOINT WARNING

* * * #, #.#
##.####### *
#.## #.# #†# *
#...##.# #.# *
#...#.##### #.#
*
,#.......####.#
#...#..........#
*
##.##.###.######
#.*#.# # # #@# *
.....ggg# *
.....K.## * # *
....... , .
#..#.#. * ,, , *
# * #. #.#S , ,
* # # #. * ..,,
, , #


You could see 3 gnolls, an adder and a kobold.

Vanquished Creatures
  Duvessa (D:4)
  A gnoll sergeant (D:3)
  3 gnolls (D:3)
  An adder (D:3)
  A leopard gecko (D:3)
  2 bats (D:3)
  A giant cockroach (D:3)
  4 goblins (D:3)
  A hobgoblin (D:3)
  4 jackals (D:3)
  A quokka (D:4)
  A kobold (D:3)
  A quokka skeleton (D:4)
  A rat (D:3)
23 creatures vanquished.

Notes
Turn   | Place    | Note
-------+----------+-------------------------------------------
     0 | D:5      | jackrogers the Deep Dwarf Delver began the quest for the
                  | Orb.
     0 | D:5      | Reached XP level 1. HP: 20/20 MP: 1/1
     2 | D:5      | Noticed a scorpion
    10 | D:4      | Got a transparent long sword
    11 | D:4      | Identified the +4 long sword "Xeruuq" {pain, rF+ MP+9} (You
                  | found it on level 4 of the Dungeon)
   168 | D:4      | Got a smoking platinum amulet
   179 | D:4      | Noticed Duvessa
   194 | D:4      | HP: 3/20 [Duvessa/+0 short sword (4)]
   200 | D:4      | Killed Duvessa
   201 | D:4      | Reached skill level 5 in Axes
   201 | D:4      | Reached XP level 2. HP: 9/27 MP: 2/2
   201 | D:4      | Reached XP level 3. HP: 11/33 MP: 3/3
   201 | D:4      | Reached XP level 4. HP: 14/40 MP: 4/4
   265 | D:4      | Found Cammagg's Assorted Antiques.
   576 | D:3      | Noticed a gnoll sergeant
   591 | D:3      | Killed a gnoll sergeant
   592 | D:3      | Reached skill level 6 in Axes
   592 | D:3      | Reached XP level 5. HP: 19/46 MP: 4/4
   596 | D:3      | HP: 8/46 [gnoll/+0 whip (4)]
   814 | D:3      | HP: 11/46 [gnoll/+0 flail (5)]
   815 | D:3      | Quit the game

Illustrated notes

Levels and vault maps discovered:
D:3:      layout_loops_ring, grunt_temple_overflow_lords_of_destruction,
          hex_large
D:4:      layout_cave_pools, yredelemnul_altar_generic,
          nicolae_overflow_crystal_walls, minmay_temple_entry_nine_rooms,
          serial_shops, kennysheep_mini_moat, nicolae_shop_statue_plus,
          uniq_duvessa, uniq_edmund
D:5:      layout_rooms, uniq_sigmund, uniq_crazy_yiuf_cottage, uniq_grinder

Skill      XL: |  1  2  3  4 |
---------------+-------------+-----
Axes           | 5 6 |  6.6
Fighting       | |  2.6
Dodging        | |  2.1
Stealth        | |  6.0

Action                   |  1- 3 |  4- 6 || total
-------------------------+-------+-------++-------
Melee: Long sword        |    16 |    65 ||    81
 Abil: Heal Wounds       |     1 |     2 ||     3
  Use: Scroll            |     1 |       ||     1
       Potion            |       |     2 ||     2
 Stab: Sleeping          |       |     1 ||     1
Armor: Leather armour    |     1 |    13 ||    14
Dodge: Dodged            |    10 |    71 ||    81
       Rpst.: Long sword |     5 |    18 ||    23

Table legend: (Time is in decaauts)
 A = Elapsed time spent in this place.
 B = Non-inter-level travel time spent in this place.
 C = Inter-level travel time spent in this place.
 D = Time resting spent in this place.
 E = Time spent auto-exploring this place.
 F = Levels seen in this place.
 G = Mean time per level.
                   A        B        C        D        E       F      G
               +--------+--------+--------+--------+--------+-----+--------+
         Total |    832 |    820 |     12 |    172 |    431 |   3 |  277.3 |
       Dungeon |    832 |    820 |     12 |    172 |    431 |   3 |  277.3 |
               +--------+--------+--------+--------+--------+-----+--------+

Top non-repeatable levels by time:
     D:3: 547 daAuts
     D:4: 278 daAuts
     D:5: 7 daAuts

Table legend:
 A = Kills in this place as a percentage of kills in entire the game.
 B = Kills by you in this place as a percentage of kills by you in the entire game.
 C = Kills by friends in this place as a percentage of kills by friends in the entire game.
 D = Other kills in this place as a percentage of other kills in the entire game.
 E = Experience gained in this place as a percentage of experience gained in the entire game.
 F = Experience gained in this place divided by the number of levels of this place that you have seen.
                   A       B       C       D       E      F
               +-------+-------+-------+-------+-------+----------------------
         Total | 100.0 | 100.0 |   N/A |   N/A | 100.0 | 105.0
       Dungeon | 100.0 | 100.0 |   N/A |   N/A | 100.0 | 105.0
               +-------+-------+-------+-------+-------+----------------------
